 Dungeon Crawl Stone Soup version 0.24-a0-358-g53aee78 (webtiles) character file.

Game seed: 2902864415078771346

675100 Coron the Slayer (level 27, -1/294 HPs)
             Began as a Deep Dwarf Gladiator on May 25, 2019.
             Was the Champion of Makhleb.
             Slain by a death cob (27 damage)
             ... on level 4 of the Realm of Zot.
             The game lasted 03:08:35 (54112 turns).

Coron the Slayer (Deep Dwarf Gladiator)            Turns: 54112, Time: 03:08:35

Health: -1/294     AC:  0    Str: 36    XL:     27
Magic:  26/26      EV: 18    Int:  5    God:    Makhleb [******]
Gold:   3116       SH:  2    Dex:  7    Spells: 26/26 levels left

rFire    . . .     SeeInvis .   (weapon currently unavailable)
rCold    . . .     Gourm    .   (shield currently unavailable)
rNeg     + . .     Faith    .   (armour currently unavailable)
rPois    .         Spirit   .   (helmet currently unavailable)
rElec    .         Reflect  +   (cloak currently unavailable)
rCorr    .         Harm     .   (gloves currently unavailable)
MR       ++++.     Rnd*Rage +   (boots currently unavailable)
Stlth    +.........             U - amulet "Xogeoz" {Reflect Str+8 Int-5 Dex-5 Slay+5 SH+2}
HPRegen  0.00/turn              (ring currently unavailable)
MPRegen  0.20/turn              (ring currently unavailable)

@: lethally poisoned (-1 -> -1), pig-form, non-regenerating, slowed
A: small, damage resistance, heal wounds, berserk 1, clumsy 1, deterioration 2,
dopey 1, negative energy resistance 1, sense surroundings 3, subdued magic 1, no
regeneration
}: 3/15 runes: serpentine, barnacled, silver
a: Heal Wounds, Minor Destruction, Lesser Servant of Makhleb, Major Destruction,
Greater Servant of Makhleb, Renounce Religion


You were on level 4 of the Realm of Zot.
You worshipped Makhleb.
Makhleb was exalted by your worship.
You were hungry.
You were a filthy swine.
You visited 11 branches of the dungeon, and saw 53 of its levels.
You also visited: Ice Cave and Wizlab.

You collected 7930 gold pieces.
You spent 4814 gold pieces at shops.

Inventory:

Hand Weapons
 v - the +8 war axe of Desperation {flame, rC++}
   (You found it on level 4 of the Dungeon)

   It has been specially enchanted to burn those struck by it, causing extra
   injury to most foes and up to half again as much damage against particularly
   susceptible opponents.
   Big, fiery blades are also staple armaments of hydra-hunters.
   It greatly protects you from cold.
 z - a +9 broad axe of chopping (melded)
 W - a +7 vampiric broad axe
Armour
 c - a +2 helmet (melded)
 e - the +4 large shield of Prudence (melded) {Dex+5 Stlth-}
   (You acquired it on level 12 of the Dungeon)

   It affects your dexterity (+5).
   It makes you less stealthy.
 C - the +6 scale mail "Nuocutwe" {*Corrode rElec rF+ Int+2}
   (You acquired it on level 11 of the Dungeon)

   It affects your intelligence (+2).
   It protects you from fire.
   It insulates you from electricity.
   It may corrode you when you take damage.
 K - a +2 cloak (melded)
 L - a +2 pair of gloves (melded)
 N - a +2 pair of boots of flying (melded)
 Q - the +6 chain mail of Boredom (melded) {Str+6}
   (You acquired it on level 10 of the Dungeon)

   It affects your strength (+6).
Jewellery
 h - an uncursed ring of see invisible
 t - an uncursed ring of protection from magic
 y - the ring "Paseamegep" {rN+ Int+2}
   (You found it on level 5 of the Vaults)

   [ring of positive energy]

   It affects your intelligence (+2).
   It protects you from negative energy.
 F - the ring "Learrukh" (melded) {Slay+5 Stlth+}
   (You found it in an ice cave)

   [ring of stealth]

   It affects your accuracy and damage with ranged weapons and melee attacks
   (+5).
   It makes you more stealthy.
 G - an uncursed ring of protection from cold
 O - a ring of protection from fire (melded)
 T - the ring of Attitude {+Fly rPois Int+2}
   (You found it in a wizard's laboratory)

   [ring of flight]

   It affects your intelligence (+2).
   It protects you from poison.
   It lets you fly.
 U - the amulet "Xogeoz" (around neck) {Reflect Str+8 Int-5 Dex-5 Slay+5 SH+2}
   (You took it off a deep elf elementalist on level 3 of the Elven Halls)

   [amulet of reflection]

   It shields you and reflects attacks.
   It affects your strength (+8).
   It affects your intelligence (-5).
   It affects your dexterity (-5).
   It affects your accuracy and damage with ranged weapons and melee attacks
   (+5).
   It affects your SH (+2).
 X - the ring "Fyepre" {Fire *Corrode +Fly rN+++ Stlth+}
   (You acquired it on level 3 of the Snake Pit)

   [ring of fire]

   It enhances your fire magic.
   It protects you from fire.
   It makes you vulnerable to cold.
   It renders you almost immune to negative energy.
   It lets you fly.
   It may corrode you when you take damage.
   It makes you more stealthy.
Wands
 l - a wand of iceblast (37)
 m - a wand of scattershot (3)
 n - a wand of paralysis (49)
 p - a wand of clouds (8)
 A - a wand of flame (71)
 E - a wand of digging (18)
 H - a wand of acid (14)
 P - a wand of disintegration (36)
Scrolls
 b - 4 scrolls of holy word
 i - 14 scrolls of blinking
 k - 14 scrolls of remove curse
 q - 2 scrolls of enchant armour
 u - 23 scrolls of teleportation
 B - 3 scrolls of magic mapping
 R - 6 scrolls of silence
 S - a scroll of amnesia
 V - 9 scrolls of fog
 Z - 3 scrolls of summoning
Potions
 a - 9 potions of haste
 d - 4 potions of invisibility
 g - 4 potions of agility
 s - 12 potions of heal wounds
 w - 9 potions of might
 x - 3 potions of berserk rage
 D - 3 potions of cancellation
 J - 16 potions of curing
 M - 10 potions of resistance
Miscellaneous
 j - a lamp of fire
 o - a phial of floods
 r - a fan of gales
 I - a lightning rod (4/4)
 Y - 6 sacks of spiders
Comestibles
 f - 88 rations


   Skills:
 - Level 26.0 Fighting
   Level 1.8 Long Blades
 - Level 20.0 Axes
 - Level 1.7 Throwing
 + Level 24.6 Armour
 - Level 10.1 Dodging
 - Level 25.0 Shields
 - Level 18.0 Evocations


You had 26 spell levels left.
You didn't know any spells.
Your spell library contained the following spells:

 Spells                   Type           Power        Failure   Level  Hunger
 Animate Skeleton         Necr           N/A          43%         1    ##.....
 Apportation              Tloc           #.....       43%         1    ##.....
 Beastly Appendage        Tmut           #.....       43%         1    ##.....
 Confusing Touch          Hex            #.....       43%         1    ##.....
 Corona                   Hex            #......      43%         1    ##.....
 Flame Tongue             Conj/Fire      #....        43%         1    ##.....
 Freeze                   Ice            #...         43%         1    ##.....
 Infusion                 Chrm           #...         43%         1    ##.....
 Magic Dart               Conj           #...         43%         1    ##.....
 Pain                     Necr           #...         43%         1    ##.....
 Shock                    Conj/Air       #...         43%         1    ##.....
 Sting                    Conj/Pois      #...         43%         1    ##.....
 Summon Butterflies       Summ           #.......     43%         1    ##.....
 Summon Small Mammal      Summ           #...         43%         1    ##.....
 Blink                    Tloc           N/A          58%         2    ###....
 Call Imp                 Summ           #.......     58%         2    ###....
 Corpse Rot               Necr           N/A          58%         2    ###....
 Ensorcelled Hibernation  Hex/Ice        #.....       58%         2    ###....
 Passwall                 Tmut/Erth      #.......     58%         2    ###....
 Poisonous Vapours        Pois/Air       #.....       58%         2    ###....
 Searing Ray              Conj           #.....       58%         2    ###....
 Shroud of Golubria       Chrm/Tloc      #.........   58%         2    ###....
 Slow                     Hex            #.......     58%         2    ###....
 Song of Slaying          Chrm           #.......     58%         2    ###....
 Sticks to Snakes         Tmut           #.......     58%         2    ###....
 Sublimation of Blood     Necr           #.........   58%         2    ###....
 Swiftness                Chrm/Air       #.......     58%         2    ###....
 Throw Flame              Conj/Fire      #.....       58%         2    ###....
 Throw Frost              Conj/Ice       #.....       58%         2    ###....
 Call Canine Familiar     Summ           #.......     82%         3    ####...
 Confuse                  Hex            #.......     82%         3    ####...
 Conjure Flame            Conj/Fire      #.......     82%         3    ####...
 Dazzling Spray           Conj/Hex       #.....       82%         3    ####...
 Gell's Gravitas          Tloc           #.........   82%         3    ####...
 Ignite Poison            Fire/Tmut/Pois #.......     82%         3    ####...
 Inner Flame              Hex/Fire       #.......     82%         3    ####...
 Lesser Beckoning         Tloc           #.........   82%         3    ####...
 Mephitic Cloud           Conj/Pois/Air  #.......     82%         3    ####...
 Ozocubu's Armour         Chrm/Ice       #.......     82%         3    ####...
 Portal Projectile        Hex/Tloc       #.....       82%         3    ####...
 Recall                   Summ/Tloc      N/A          82%         3    ####...
 Spectral Weapon          Hex/Chrm       #.......     82%         3    ####...
 Spider Form              Tmut/Pois      #.........   82%         3    ####...
 Static Discharge         Conj/Air       #.......     82%         3    ####...
 Stone Arrow              Conj/Erth      #.....       82%         3    ####...
 Summon Guardian Golem    Hex/Summ       #.......     82%         3    ####...
 Teleport Other           Tloc           #.......     82%         3    ####...
 Tukima's Dance           Hex            #.......     82%         3    ####...
 Vampiric Draining        Necr           #.........   82%         3    ####...
 Airstrike                Air            #.........   99%         4    #####..
 Animate Dead             Necr           N/A          99%         4    #####..
 Cause Fear               Hex            #.........   99%         4    #####..
 Force Lance              Conj/Tloc      #.......     99%         4    #####..
 Fulminant Prism          Conj/Hex       #.........   99%         4    #####..
 Ice Form                 Ice/Tmut       #.......     99%         4    #####..
 Iskenderun's Mystic Bla  Conj           #.......     99%         4    #####..
 Leda's Liquefaction      Hex/Erth       #.........   99%         4    #####..
 Olgreb's Toxic Radiance  Pois           #.......     99%         4    #####..
 Passage of Golubria      Tloc           N/A          99%         4    #####..
 Petrify                  Tmut/Erth      #.......     99%         4    #####..
 Sticky Flame             Conj/Fire      #.......     99%         4    #####..
 Summon Ice Beast         Ice/Summ       #.......     99%         4    #####..
 Summon Lightning Spire   Summ/Air       #.......     99%         4    #####..
 Throw Icicle             Conj/Ice       #.......     99%         4    #####..
 Agony                    Necr           #.......     100%        5    ######.
 Alistair's Intoxication  Tmut/Pois      #.......     100%        5    ######.
 Aura of Abjuration       Summ           #.........   100%        5    ######.
 Blade Hands              Tmut           #.........   100%        5    ######.
 Bolt of Draining         Conj/Necr      #.........   100%        5    ######.
 Bolt of Magma            Conj/Fire/Erth #.........   100%        5    ######.
 Borgnjor's Vile Clutch   Necr/Erth      #.........   100%        5    ######.
 Dispel Undead            Necr           #.......     100%        5    ######.
 Excruciating Wounds      Chrm/Necr      #.........   100%        5    ######.
 Fireball                 Conj/Fire      #.........   100%        5    ######.
 Irradiate                Conj/Tmut      #.........   100%        5    ######.
 Iskenderun's Battlesphe  Conj/Chrm      #.......     100%        5    ######.
 Lee's Rapid Deconstruct  Erth           #.........   100%        5    ######.
 Lightning Bolt           Conj/Air       #.........   100%        5    ######.
 Metabolic Englaciation   Hex/Ice        #.........   100%        5    ######.
 Silence                  Hex/Air        #.........   100%        5    ######.
 Summon Demon             Summ           #.........   100%        5    ######.
 Summon Forest            Summ/Tloc      #.........   100%        5    ######.
 Summon Mana Viper        Hex/Summ       #.......     100%        5    ######.
 Venom Bolt               Conj/Pois      #.........   100%        5    ######.
 Bolt of Cold             Conj/Ice       #.........   100%        6    #######
 Bolt of Fire             Conj/Fire      #.........   100%        6    #######
 Conjure Ball Lightning   Conj/Air       #.........   100%        6    #######
 Darkness                 Hex            #.........   100%        6    #######
 Death Channel            Necr           #.........   100%        6    #######
 Deflect Missiles         Chrm/Air       #.........   100%        6    #######
 Dispersal                Tloc           #.........   100%        6    #######
 Freezing Cloud           Conj/Ice/Air   #.........   100%        6    #######
 Hydra Form               Tmut           #.........   100%        6    #######
 Invisibility             Hex            #.......     100%        6    #######
 Iron Shot                Conj/Erth      #.........   100%        6    #######
 Ozocubu's Refrigeration  Ice            #.........   100%        6    #######
 Poison Arrow             Conj/Pois      #.........   100%        6    #######
 Shadow Creatures         Summ           N/A          100%        6    #######
 Simulacrum               Ice/Necr       #.........   100%        6    #######
 Statue Form              Tmut/Erth      #........    100%        6    #######
 Dragon Form              Tmut           #.........   100%        7    #######
 Malign Gateway           Summ/Tloc      #.........   100%        7    #######
 Monstrous Menagerie      Summ           #.........   100%        7    #######
 Orb of Destruction       Conj           #.........   100%        7    #######
 Ring of Flames           Chrm/Fire      #.........   100%        7    #######
 Spellforged Servitor     Conj/Summ      #.........   100%        7    #######
 Summon Greater Demon     Summ           #.........   100%        7    #######
 Summon Hydra             Summ           #.........   100%        7    #######
 Chain Lightning          Conj/Air       #.........   100%        8    #######
 Ignition                 Fire           #.........   100%        8    #######
 Lehudib's Crystal Spear  Conj/Erth      #.........   100%        8    #######
 Summon Horrible Things   Summ           #.........   100%        8    #######
 Dragon's Call            Summ           #.........   100%        9    #######
 Fire Storm               Conj/Fire      #.........   100%        9    #######
 Glaciate                 Conj/Ice       #.........   100%        9    #######
 Shatter                  Erth           #.........   100%        9    #######
 Tornado                  Air            #.........   100%        9    #######
 Regeneration             Chrm/Necr      Unusable     N/A         3    N/A

Dungeon Overview and Level Annotations

Branches:
Dungeon (15/15)            Temple (1/1) D:5            Lair (6/6) D:8
 Shoals (4/4) Lair:4        Snake (4/4) Lair:3          Orc (2/2) D:12
    Elf (3/3) Orc:2        Vaults (5/5) D:14          Crypt (3/3) Vaults:2
 Depths (5/5) D:15            Zot (5/5) Depths:5
  Slime: Lair:5-6      Tomb: Crypt:3

Altars:
Ashenzari
Cheibriados
Dithmenos
Elyvilon
Fedhas
Gozag
Hepliaklqana
Kikubaaqudgha
Makhleb
Nemelex Xobeh
Okawaru
Qazlal
Ru
Sif Muna
Trog
Uskayaw
Vehumet
Wu Jian
Xom
Yredelemnul
Zin
The Shining One
Beogh

Shops:
D:5 %*%   D:6 =   D:7 !   D:8 (   D:14 (   Orc:2 %*!*   Elf:3 (   Vaults:1 *
Vaults:4 *[   Depths:1 *   Depths:3 ==}%   Depths:5 :

Portals:
Hell: Depths:1 Depths:2 Depths:3 Depths:4 Depths:5
Abyss: Depths:4 Depths:5
Pandemonium: Depths:2 Depths:3
Ziggurat: Depths:4
Trove: D:12 (give +2 gold dragon scales)

Annotations:
D:5 Prince Ribbit
D:6 humans to eat
Lair:3 runed door wandering death yak
Lair:4 2 transporters, Zubeida's ghost, journeyman GrEE
Lair:6 exclusion: 2 oklob plants
Zot:5 1 exclusion


Innate Abilities, Weirdness & Mutations

You are resistant to damage.
You can heal yourself by infusing magical energy.
You resist negative energy. (rN+)
You passively map a large area around you.
You do not regenerate.
You tend to lose your temper in combat.
You are clumsy. (Dex -2)
Your body often deteriorates upon taking damage.
You are dopey. (Int -2)
Your spells are a little easier to cast, but a little less powerful.


Message History

The death cob hits you!
* * * LOW HITPOINT WARNING * * *
The death cob hits you!!
* * * LOW HITPOINT WARNING * * *
The death cob misses you. You block the death cob's attack.
The death cob hits you.
Okay, then.
The death cob hits you!!
* * * LOW HITPOINT WARNING * * *
The death cob closely misses you. You block the death cob's attack.
The death cob hits you!
* * * LOW HITPOINT WARNING * * *
The death cob misses you.
You feel much better. The death cob hits you!!
* * * LOW HITPOINT WARNING * * *
The death cob drains your vigour!
You feel as though you will be slow longer.
The death cob hits you!!
You die...

##.............# ###
#..............## ####.#
##.#........#.[..###...##
#..##......###........##
..###..<..## #........#
..# ##....# #..#....##
.## #....# #..##...## .#
##...# #..##....## )#
#...# #..h......# .##
#...# #..z.....## ..#
#...# ##......### ..##
#)..# #.......# #..#
##..# #.......# #..#
#..###.......# ##.##
#...##...>...# #.?#
##...##.......#
##.###.............#


You could see a death cob.

Vanquished Creatures
  5 orbs of fire (Zot:5)
  Mara (Snake:3)
  4 ancient liches
  Sojobo (Crypt:1)
  2 Killer Klowns
  Bai Suzhen (Snake:4)
  A curse toe (Zot:5)
  A caustic shrike (Depths:2)
  5 golden dragons
  A bone dragon (Crypt:3)
  A Cloud Mage (WizLab)
  An electric golem (Zot:2)
  Jorgrun (Orc:1)
  Rupert (D:13)
  12 Orb Guardians (Zot:5)
  14 tentacled monstrosities
  6 titans
  11 liches
  3 deep elf blademasters
  Polyphemus (Shoals:2)
  3 krakens
  5 quicksilver dragons
  Frances (Elf:1)
  7 death cobs
  8 sphinxes
  Roxanne (Snake:3)
  9 tengu reavers
  5 shadow dragons
  A revenant (Crypt:2)
  Donald (Vaults:4)
  9 nagarajas
  Ilsuiw (Shoals:3)
  10 storm dragons
  A storm dragon (shapeshifter) (Vaults:5)
  12 fire giants
  6 draconian monks
  7 draconian knights
  2 iron dragons
  10 deep elf sorcerers
  3 draconian shifters
  7 draconian scorchers
  2 ghost moths
  14 frost giants
  A spriggan defender (Depths:3)
  5 deep elf elementalists
  Aizul (Vaults:1)
  22 vault wardens
  A juggernaut zombie (Depths:2)
  11 ghouls
  A curse skull (Crypt:2)
  3 entropy weavers
  2 draconian stormcallers (Zot:2)
  16 very ugly things
  7 draconian annihilators
  7 war gargoyles
  20 ironheart preservers
  6 black draconians
  6 green draconians
  24 stone giants
  2 pale draconians (Depths:5)
  6 vampire knights
  11 deep elf demonologists
  11 purple draconians
  10 spark wasps
  A spark wasp (shapeshifter) (Vaults:5)
  14 deep elf annihilators
  15 red draconians
  8 white draconians
  11 yellow draconians
  6 merfolk javelineers
  10 deep elf death magi
  2 crystal guardians (Crypt:3)
  3 blizzard demons (WizLab)
  2 eidola (Crypt:1)
  10 merfolk impalers
  14 fire dragons
  3 jiangshi (Crypt:2)
  18 yaktaur captains
  21 ettins
  12 rakshasas
  5 deep elf high priests
  A quicksilver dragon zombie (Crypt:2)
  38 vault guards
  7 great orbs of eyes
  11 ice dragons
  The ghost of xfalz the Spear-Bearer, a journeyman MfGl of Okawaru (D:13)
  2 ghost crabs (WizLab)
  5 spriggan air magi
  3 merfolk avatars
  2 alligator snapping turtles
  15 naga warriors
  6 catoblepae
  A catoblepas (shapeshifter) (Vaults:4)
  15 anacondas
  A satyr (Shoals:4)
  An anaconda (shapeshifter) (Vaults:5)
  54 two-headed ogres
  6 hydras
  6 merfolk aquamancers
  4 death knights
  9 centaur warriors
  A two-headed ogre (shapeshifter) (Depths:3)
  12 death yaks
  5 tengu warriors
  7 deep troll earth magi
  4 orc high priests
  16 ogre magi
  Urug (Lair:6)
  7 deep troll shamans
  31 dancing weapons
  7 vampire magi
  3 hell hogs (Depths:2)
  10 shock serpents
  11 spriggan berserkers
  A titan zombie (Crypt:3)
  A soul eater (Crypt:2)
  19 hell knights
  2 storm dragon zombies
  Sonja (D:13)
  15 naga sharpshooters
  25 deep elf knights
  2 titan skeletons
  4 iron trolls
  A shadow wraith (Crypt:2)
  21 sea snakes
  A sea snake (shapeshifter) (Depths:3)
  3 death drakes (WizLab)
  18 deep trolls
  6 flayed ghosts
  5 glowing orange brains
  25 skeletal warriors
  A golden dragon skeleton (Crypt:3)
  2 storm dragon skeletons
  A lindwurm (shapeshifter) (Depths:2)
  An orange crystal statue (Snake:1)
  12 naga ritualists
  A deep troll (shapeshifter) (Vaults:2)
  17 deep elf archers
  7 wizards
  Pikel (D:6)
  13 orc knights
  2 wolf spider zombies (D:15)
  A lindwurm (Lair:3)
  A kraken simulacrum (Shoals:4)
  7 harpies
  8 phantasmal warriors
  An iron dragon zombie (Crypt:2)
  28 ironbrand convokers
  21 mana vipers
  30 necromancers
  A shadow dragon skeleton (Vaults:5)
  2 shadow dragon zombies
  3 wolf spiders
  33 ugly things
  A shining eye (shapeshifter) (Depths:3)
  80 deep elf magi
  10 orc sorcerers
  14 manticores
  7 salamanders
  A frost giant zombie (Vaults:5)
  A faun (shapeshifter) (Vaults:5)
  19 moths of wrath
  A stone giant zombie (Vaults:1)
  3 fauns (Shoals:1)
  7 cyclopes
  11 elephants
  A frost giant skeleton (Vaults:1)
  2 iron dragon skeletons
  A shock serpent zombie (Crypt:1)
  24 naga magi
  44 black mambas
  6 water nymphs
  A stone giant skeleton (Vaults:1)
  2 fire giant skeletons (Depths:2)
  6 merfolk sirens
  8 guardian serpents
  An ice statue (IceCv)
  14 vault sentinels
  13 spiny frogs
  3 apocalypse crabs (WizLab)
  3 rime drakes
  3 gargoyles
  A shock serpent skeleton (Crypt:3)
  2 redback zombies (D:14)
  A dire elephant skeleton (Crypt:1)
  3 orange demons (Elf:1)
  2 rime drakes (shapeshifter)
  32 yaktaurs
  8 freezing wraiths
  A yaktaur (shapeshifter) (Depths:5)
  7 komodo dragons
  An anaconda simulacrum (Crypt:2)
  2 jumping spiders (shapeshifter) (Vaults:3)
  A harpy zombie (Crypt:3)
  17 polar bears (IceCv)
  A hydra zombie (Crypt:3)
  A queen bee (shapeshifter) (Vaults:5)
  8 trolls
  A shadow dragon simulacrum (Crypt:2)
  2 tengu conjurers (Depths:3)
  38 merfolk
  A tyrant leech (D:10)
  6 hornets
  17 blink frogs
  A tengu simulacrum (Vaults:5)
  2 bog bodies
  22 slime creatures
  A queen bee (Lair:3)
  6 wind drakes
  An iron dragon simulacrum (Crypt:1)
  8 dream sheep
  7 snapping turtles
  5 human simulacra
  A dream sheep (shapeshifter) (Vaults:5)
  34 flying skulls (Crypt:3)
  11 hippogriffs
  A snapping turtle (shapeshifter) (Depths:3)
  A fire giant simulacrum (Crypt:2)
  A hippogriff (shapeshifter) (Vaults:3)
  An elf skeleton (Vaults:5)
  2 fire dragon zombies (Crypt:3)
  An ettin zombie (Crypt:2)
  A shock serpent simulacrum (Crypt:1)
  2 spriggans (Depths:4)
  An ettin skeleton (Crypt:3)
  5 vampires
  A tarantella (shapeshifter) (Depths:3)
  8 wraiths
  An alligator skeleton (Crypt:1)
  Sigmund (D:3)
  2 redbacks (Vaults:4)
  12 air elementals
  A shadow (D:15)
  2 tarantellas (Vaults:4)
  2 wind drake zombies
  A basilisk (Lair:4)
  3 hogs (D:9)
  A human (shapeshifter) (Vaults:4)
  16 water elementals
  2 yaks (shapeshifter) (Vaults:2)
  A hog (shapeshifter) (Depths:3)
  A human (D:9)
  3 fire bats (Lair:3)
  4 wyverns
  4 fire elementals
  62 yaks
  3 steam dragons (Depths:5)
  8 vampire mosquitoes
  A deep troll zombie (Vaults:5)
  3 hungry ghosts
  A faun zombie (Crypt:2)
  Menkaure (D:5)
  11 wargs
  A water moccasin (shapeshifter) (Vaults:4)
  18 water moccasins
  6 acid dragons
  63 nagas
  An acid dragon (shapeshifter) (Vaults:3)
  2 floating eyes (Depths:3)
  15 porcupines
  A floating eye (shapeshifter) (Vaults:5)
  5 hell hounds (Depths:2)
  7 ice beasts
  2 black bears
  34 orc warriors
  A black bear (shapeshifter) (Depths:3)
  An ettin simulacrum (Crypt:2)
  2 phantoms
  2 slaves (D:6)
  5 sky beasts
  31 ogres
  4 eyes of draining
  A snapping turtle zombie (Crypt:1)
  12 necrophages
  23 wolves
  A manticore skeleton (Crypt:2)
  5 boggarts
  15 crocodiles
  31 centaurs
  4 big kobolds
  A yaktaur zombie (Vaults:1)
  17 bullfrogs
  A gnoll sergeant (D:11)
  2 earth elementals
  2 wyvern zombies
  A yaktaur skeleton (Vaults:1)
  A water moccasin skeleton (Crypt:1)
  A wyvern skeleton (Crypt:2)
  13 scorpions
  17 wights
  33 killer bees
  A howler monkey (D:7)
  5 electric eels
  3 bullfrog zombies
  10 crimson imps
  2 centaur zombies
  2 jellies
  5 centaur skeletons
  19 orc priests
  Crazy Yiuf (D:7)
  7 hounds
  7 human zombies
  4 bullfrog skeletons
  Terence (D:3)
  An iguana (D:7)
  5 human skeletons
  Ijyb (D:5)
  Natasha (thrice) (D:3)
  63 orc wizards
  A demonspawn skeleton (Crypt:2)
  6 worker ants
  A big kobold zombie (Crypt:1)
  A bullfrog simulacrum (D:12)
  4 centaur simulacra
  A hound zombie (D:8)
  2 hound skeletons
  2 howler monkey zombies
  3 mummies
  A worker ant zombie (D:2)
  3 gnolls (D:11)
  13 adders
  5 shadow imps
  5 white imps
  2 oozes
  An adder skeleton (D:9)
  A dart slug (D:3)
  5 leopard geckos
  137 orcs
  7 giant cockroaches
  12 goblins
  8 hobgoblins
  5 quokkas
  A ball python skeleton (D:4)
  8 bats
  3 frilled lizards
  A frilled lizard zombie (Crypt:1)
  A giant cockroach zombie (D:5)
  2 gnoll zombies (D:7)
  18 kobolds
  2 quokka zombies
  9 rats
  A river rat skeleton (Crypt:2)
  A crawling corpse (Elf:3)
  5 fungi
  14 plants
  5 tentacles
2703 creatures vanquished.

Vanquished Creatures (others)
  Margery (Depths:4)
  2 deep elf master archers (Elf:3)
  A draconian monk (Zot:2)
  A fire giant (Depths:5)
  A stone giant (Depths:3)
  A vampire knight (Depths:3)
  A spark wasp (Depths:5)
  A yaktaur captain (Depths:3)
  A centaur warrior (Depths:2)
  A deep elf knight (Elf:2)
  2 deep elf archers (Elf:1)
  2 deep elf magi (Elf:1)
  3 yaktaurs
  2 water elementals
  An orc warrior (Vaults:5)
  A centaur (D:14)
  A bullfrog (D:9)
  2 orcs
  2 bushes (Lair:6)
  9 fungi
  42 plants
  25 tentacles
  8 toadstools (Lair:3)
111 creatures vanquished.

Grand Total: 2814 creatures vanquished

Notes
Turn   | Place    | Note
-------+----------+-------------------------------------------
     0 | D:1      | Coron the Deep Dwarf Gladiator began the quest for the Orb.
     0 | D:1      | Reached XP level 1. HP: 19/19 MP: 1/1
   153 | D:1      | Reached skill level 2 in Fighting
   153 | D:1      | Reached skill level 1 in Armour
   154 | D:1      | Reached XP level 2. HP: 21/26 MP: 2/2
   598 | D:2      | Reached XP level 3. HP: 20/32 MP: 3/3
   786 | D:2      | Found a sparkling altar of Nemelex Xobeh.
   906 | D:2      | Reached XP level 4. HP: 38/39 MP: 3/3
   926 | D:2      | You fall into a shaft and drop 1 floor!
   927 | D:3      | Found a shattered altar of Ashenzari.
   981 | D:2      | Found a shimmering altar of Xom.
  1355 | D:3      | Reached skill level 1 in Long Blades
  1390 | D:3      | Reached skill level 1 in Shields
  1424 | D:3      | Noticed Sigmund
  1425 | D:3      | Noticed Natasha
  1456 | D:3      | Killed Natasha
  1456 | D:3      | Reached XP level 5. HP: 14/45 MP: 4/4
  1494 | D:3      | Noticed Terence
  1498 | D:3      | Killed Terence
  1516 | D:3      | Noticed Natasha
  1526 | D:3      | Killed Natasha
  1599 | D:3      | Found a white marble altar of Elyvilon.
  1681 | D:3      | Noticed Natasha
  1691 | D:3      | Killed Natasha
  1833 | D:3      | Killed Sigmund
  1833 | D:3      | Reached skill level 5 in Axes
  1833 | D:3      | Reached XP level 6. HP: 42/52 MP: 5/5
  2131 | D:4      | Got a bloodstained war axe
  2132 | D:4      | Identified the +8 war axe of Desperation {flame, rC++} (You
                  | found it on level 4 of the Dungeon)
  2274 | D:4      | Reached XP level 7. HP: 61/61 MP: 6/6
  2338 | D:4      | Found an ornate altar of the Wu Jian Council.
  2360 | D:4      | Reached skill level 3 in Fighting
  2361 | D:4      | Reached skill level 5 in Armour
  2498 | D:4      | Reached skill level 4 in Fighting
  2949 | D:5      | Entered Level 5 of the Dungeon
  2981 | D:5      | Found Pile's Food Emporium.
  3147 | D:5      | Found an opulent altar of Gozag.
  3150 | D:5      | Noticed Menkaure
  3161 | D:5      | Killed Menkaure
  3186 | D:5      | Noticed Prince Ribbit
  3343 | D:5      | Found a staircase to the Ecumenical Temple.
  3355 | D:5      | Reached XP level 8. HP: 49/73 MP: 7/7
  3360 | Temple   | Entered the Ecumenical Temple
  3752 | D:5      | Found a shattered altar of Ashenzari.
  3757 | D:5      | Noticed Ijyb
  3789 | D:5      | Killed Ijyb
  3789 | D:5      | Reached skill level 5 in Fighting
  3789 | D:5      | Reached skill level 5 in Shields
  3797 | D:5      | Found Ucven's General Store.
  3811 | D:5      | Found Vytef's Food Shoppe.
  4294 | D:6      | Found a hazy altar of Hepliaklqana.
  4420 | D:6      | Noticed Pikel
  4454 | D:6      | Killed Pikel
  4709 | D:6      | Reached skill level 1 in Evocations
  4974 | D:6      | Found Alufais's Jewellery Shoppe.
  5087 | D:6      | Gained mutation: You passively map the area around you.
                  | [Deep Dwarf growth]
  5087 | D:6      | Reached XP level 9. HP: 81/81 MP: 9/9
  5335 | D:7      | Found a basalt altar of Yredelemnul.
  5547 | D:7      | Found Kirhiasch's Distillery.
  6071 | D:7      | Found a glowing golden altar of the Shining One.
  6171 | D:7      | Found a runed translucent door.
  6172 | D:7      | Noticed Crazy Yiuf
  6179 | D:7      | Killed Crazy Yiuf
  6257 | D:8      | Reached skill level 10 in Armour
  6434 | D:8      | Reached skill level 6 in Fighting
  6457 | D:8      | Reached skill level 7 in Fighting
  6457 | D:8      | Reached XP level 10. HP: 94/94 MP: 11/11
  6525 | D:8      | Paralysed by a hornet for 2 turns
  6627 | D:8      | Reached skill level 5 in Evocations
  6675 | D:8      | Found Isetioss's Antique Weapon Emporium.
  6747 | D:8      | Found a staircase to the Lair.
  6880 | D:8      | Found an ancient bone altar of Kikubaaqudgha.
  7840 | D:9      | Found a burning altar of Makhleb.
  7876 | D:9      | Became a worshipper of Makhleb the Destroyer
  8356 | D:10     | Entered Level 10 of the Dungeon
  8369 | D:10     | Reached XP level 11. HP: 99/100 MP: 14/14
  8489 | D:10     | Reached * piety under Makhleb
  8667 | D:10     | Reached skill level 8 in Fighting
  8843 | D:10     | Found the +12 Vampire's Tooth {vamp}
  9013 | D:10     | Identified 2 scrolls of acquirement
  9014 | D:10     | Got a heavily runed chain mail
  9025 | D:10     | Identified the +6 chain mail of Boredom {Str+6} (You
                  | acquired it on level 10 of the Dungeon)
  9165 | D:11     | Noticed a skeletal warrior
  9374 | D:11     | Reached skill level 9 in Fighting
  9377 | D:11     | Reached ** piety under Makhleb
  9449 | D:11     | Noticed a death knight
  9491 | D:11     | Killed a death knight
  9617 | D:11     | Reached skill level 10 in Axes
  9671 | D:11     | Got a pitted scale mail
  9672 | D:11     | Identified the +6 scale mail "Nuocutwe" {*Corrode rElec rF+
                  | Int+2} (You acquired it on level 11 of the Dungeon)
 10050 | Lair:1   | Entered Level 1 of the Lair of Beasts
 10067 | Lair:1   | Noticed a five-headed hydra
 10173 | Lair:1   | Killed a one-headed hydra
 10624 | Lair:1   | Reached XP level 12. HP: 93/114 MP: 11/11
 11078 | Lair:2   | Reached *** piety under Makhleb
 11096 | Lair:2   | Found a basalt altar of Yredelemnul.
 12031 | Lair:3   | Reached skill level 10 in Evocations
 12287 | Lair:3   | Reached **** piety under Makhleb
 12292 | Lair:3   | Found a staircase to the Snake Pit.
 12310 | Lair:3   | Reached skill level 10 in Fighting
 12334 | Lair:3   | Noticed a seven-headed hydra
 12341 | Lair:3   | Killed a seven-headed hydra
 12582 | Lair:3   | Noticed a death yak
 12804 | Lair:3   | Noticed a catoblepas
 12824 | Lair:3   | Found a runed translucent door.
 13077 | Lair:4   | Reached skill level 11 in Fighting
 13097 | Lair:4   | Noticed a four-headed hydra
 13098 | Lair:4   | Noticed Zubeida's ghost (journeyman GrEE)
 13098 | Lair:4   | Noticed an anaconda
 13100 | Lair:4   | Found a transporter.
 13128 | Lair:4   | Noticed a dire elephant
 13349 | Lair:4   | Found a transporter.
 13637 | Lair:4   | Found a staircase to the Shoals.
 13839 | Lair:5   | Reached XP level 13. HP: 128/128 MP: 6/14
 13841 | Lair:5   | Reached skill level 12 in Fighting
 13851 | Lair:5   | Reached ***** piety under Makhleb
 14691 | Lair:6   | Entered Level 6 of the Lair of Beasts
 14756 | Lair:6   | Noticed Urug
 14776 | Lair:6   | Killed Urug
 14912 | Lair:6   | Reached skill level 13 in Fighting
 15207 | Lair:6   | Gained mutation: You resist negative energy. (rN+) [Deep
                  | Dwarf growth]
 15207 | Lair:6   | Reached XP level 14. HP: 142/142 MP: 0/15
 15262 | Lair:6   | Reached skill level 14 in Fighting
 15976 | Lair:3   | Reached ****** piety under Makhleb
 16581 | D:12     | Found a white marble altar of Elyvilon.
 16645 | D:12     | Found a frozen archway.
 16659 | IceCv    | Entered an ice cave
 16715 | IceCv    | Got a smoking wooden ring
 16717 | IceCv    | Identified the ring "Learrukh" {Slay+5 Stlth+} (You found
                  | it in an ice cave)
 16895 | IceCv    | Reached skill level 15 in Fighting
 17013 | IceCv    | Noticed a frost giant
 17034 | IceCv    | Killed a frost giant
 17477 | D:12     | Found a portal to a secret trove of treasure.
 17641 | D:12     | Got a crude large shield
 17652 | D:12     | Identified the +4 large shield of Prudence {Dex+5 Stlth-}
                  | (You acquired it on level 12 of the Dungeon)
 17771 | D:12     | Found a staircase to the Orcish Mines.
 18046 | Orc:1    | Entered Level 1 of the Orcish Mines
 18135 | Orc:1    | Reached XP level 15. HP: 145/154 MP: 0/16
 18166 | Orc:1    | Noticed Jorgrun
 18186 | Orc:1    | Killed Jorgrun
 18320 | Orc:1    | Found a roughly hewn altar of Beogh.
 18645 | Orc:2    | Entered Level 2 of the Orcish Mines
 18957 | Orc:2    | Found Igaduyn's Food Shop.
 18976 | Orc:2    | Found Acyczipn's Assorted Antiques.
 19030 | Orc:2    | Found Olyomil's Distillery.
 19051 | Orc:2    | Found Ronnucyarr's Assorted Antiques.
 19123 | Orc:2    | Found a staircase to the Elven Halls.
 19288 | Orc:2    | Found a roughly hewn altar of Beogh.
 19652 | D:6      | Bought an uncursed ring of poison resistance for 280 gold
                  | pieces
 19839 | Snake:1  | Entered Level 1 of the Snake Pit
 19921 | Snake:1  | Reached skill level 10 in Shields
 20703 | Snake:2  | Noticed a nagaraja
 20709 | Snake:2  | Killed a nagaraja
 21133 | Snake:2  | Reached XP level 16. HP: 163/163 MP: 0/17
 21495 | Snake:3  | Reached skill level 15 in Shields
 21501 | Snake:3  | Identified Roxanne's Grimoire of Transmutation
 21501 | Snake:3  | Noticed Roxanne
 21507 | Snake:3  | Got a faintly glowing marble ring
 21509 | Snake:3  | Identified the ring "Fyepre" {Fire *Corrode +Fly rN+++
                  | Stlth+} (You acquired it on level 3 of the Snake Pit)
 21685 | Snake:3  | Noticed Mara
 21697 | Snake:3  | Noticed Coron's illusion
 21720 | Snake:3  | HP: 6/163 [Coron's illusion[Mara] (30)]
 22154 | Snake:3  | Noticed Coron's illusion
 22193 | Snake:3  | Killed Mara
 22193 | Snake:3  | Reached skill level 16 in Fighting
 22343 | Snake:3  | Killed Roxanne
 22366 | Snake:4  | Entered Level 4 of the Snake Pit
 22584 | Snake:4  | Reached skill level 17 in Fighting
 22757 | Snake:4  | Reached XP level 17. HP: 162/176 MP: 0/17
 22894 | Snake:4  | Reached skill level 15 in Armour
 23120 | Snake:4  | Noticed Bai Suzhen
 23183 | Snake:4  | Killed Bai Suzhen
 23585 | Snake:4  | Got a serpentine rune of Zot
 24049 | D:13     | Noticed Sonja
 24057 | D:13     | Killed Sonja
 24174 | D:13     | Found a runed translucent door.
 24174 | D:13     | Noticed xfalz's ghost (journeyman MfGl)
 24175 | D:13     | Found the +7 Singing Sword {slice, sonic wave}
 24189 | D:13     | Killed xfalz's ghost
 24218 | D:13     | Noticed Rupert
 24226 | D:13     | Killed Rupert
 24859 | D:14     | Gained mutation: You passively map a large area around you.
                  | [Deep Dwarf growth]
 24859 | D:14     | Reached XP level 18. HP: 184/184 MP: 0/21
 24913 | D:14     | Found a gate to the Vaults.
 25136 | D:14     | Found Pics's Weapon Boutique.
 25319 | D:14     | Found a deep blue altar of Sif Muna.
 25360 | D:15     | Entered Level 15 of the Dungeon
 25765 | D:15     | Reached skill level 15 in Axes
 25811 | D:15     | Identified Gumaog's Handbook of Cold and Feathers
 26002 | D:15     | Found a staircase to the Depths.
 26616 | Shoals:1 | Entered Level 1 of the Shoals
 27465 | Shoals:2 | Noticed Polyphemus
 27494 | Shoals:2 | Killed Polyphemus
 27757 | Shoals:2 | Found a shattered altar of Ashenzari.
 28057 | Shoals:3 | Noticed Ilsuiw
 28144 | Shoals:3 | Killed Ilsuiw
 28548 | Shoals:4 | Entered Level 4 of the Shoals
 29007 | Shoals:4 | Reached XP level 19. HP: 185/193 MP: 0/22
 29092 | Shoals:4 | Got a barnacled rune of Zot
 29201 | Shoals:4 | Got a sparkling steel ring
 29203 | Shoals:4 | Identified the ring "Enestrop" {Slay+2 Stlth+} (You found
                  | it on level 4 of the Shoals)
 30178 | Vaults:1 | Entered Level 1 of the Vaults
 30417 | Vaults:1 | Found Fenwa's Assorted Antiques.
 30630 | Vaults:1 | Noticed Aizul
 30643 | Vaults:1 | Killed Aizul
 30671 | Vaults:1 | Reached skill level 18 in Fighting
 31333 | Vaults:2 | Found a staircase to the Crypt.
 31460 | Vaults:2 | Reached XP level 20. HP: 191/206 MP: 23/23
 31465 | Vaults:2 | Reached skill level 19 in Fighting
 31906 | Vaults:2 | Found a hazy altar of Hepliaklqana.
 31925 | Vaults:2 | Paralysed by a floating eye for 2 turns
 31934 | Vaults:2 | Paralysed by a floating eye for 2 turns
 32281 | Vaults:2 | Reached skill level 20 in Fighting
 33778 | Vaults:3 | Reached XP level 21. HP: 219/219 MP: 24/24
 34444 | Vaults:4 | Found the +0 Maxwell's etheric cage {RegenMP+ *Contam rElec
                  | MP+4}
 34775 | Vaults:4 | Noticed Donald
 34810 | Vaults:4 | Killed Donald
 34848 | Vaults:4 | Found Ofosuff's Armour Boutique.
 34881 | Vaults:4 | Bought a +0 pair of gloves for 54 gold pieces
 35059 | Vaults:4 | Found Diose's General Store.
 35337 | Vaults:5 | Entered Level 5 of the Vaults
 35425 | Vaults:5 | Reached XP level 22. HP: 228/228 MP: 25/25
 35497 | Vaults:5 | Identified Busicu Tafer's Catalogue of Aerial Conjuration
 35659 | Vaults:5 | Identified the Reference Book on Earthen Weightlessness
 35826 | Vaults:5 | Reached skill level 21 in Fighting
 35843 | Vaults:5 | Identified the +7 mace "Zaaxt" {speed, rElec}
 36066 | Vaults:5 | Noticed an ancient lich
 36074 | Vaults:5 | Gained mutation: Your spells are a little easier to cast,
                  | but a little less powerful. [a cacodemon]
 36082 | Vaults:5 | Killed an ancient lich
 36104 | Vaults:5 | Reached skill level 22 in Fighting
 36118 | Vaults:5 | Got a sparkling ivory ring
 36119 | Vaults:5 | Identified the ring "Paseamegep" {rN+ Int+2} (You found it
                  | on level 5 of the Vaults)
 36143 | Vaults:5 | Identified the Tome of Spatial Changing
 36204 | Vaults:5 | Found the +9 staff of Olgreb {rPois}
 36235 | Vaults:5 | Got a silver rune of Zot
 36393 | Vaults:5 | Reached XP level 23. HP: 62/243 MP: 26/26
 36865 | Vaults:5 | Upgraded the game from 0.24-a0-355-gbe4061d to
                  | 0.24-a0-358-g53aee78
 37136 | Elf:1    | Entered Level 1 of the Elven Halls
 37301 | Elf:1    | Noticed Frances
 37317 | Elf:1    | Killed Frances
 37375 | Elf:1    | Identified the Volume of Summoning
 37419 | Elf:1    | Identified the Reference Book on Helpful Clay
 37432 | Elf:1    | Identified the cursed +0 shield "Damnable Contraption"
                  | {-Tele rPois Stlth+} (You found it on level 1 of the Elven
                  | Halls)
 37922 | Elf:2    | Found a magical portal.
 37936 | WizLab   | Entered The Chambers of the Cloud Mage
 38344 | WizLab   | Identified the ring of Attitude {+Fly rPois Int+2} (You
                  | found it in a wizard's laboratory)
 38351 | WizLab   | Identified the Collected Works on Air
 38794 | Elf:2    | Found a deep blue altar of Sif Muna.
 39009 | Elf:2    | Found a huge runed translucent gate.
 39009 | Elf:2    | Found a huge runed translucent gate.
 39009 | Elf:2    | Found a huge runed translucent gate.
 39009 | Elf:2    | Found a huge runed translucent gate.
 39009 | Elf:2    | Found a huge runed translucent gate.
 39547 | Depths:1 | Entered Level 1 of the Depths
 39609 | Depths:1 | Reached skill level 23 in Fighting
 39658 | Depths:1 | Found Voatu's Assorted Antiques.
 39682 | Depths:1 | Found a gateway to Hell.
 40201 | Depths:1 | Reached XP level 24. HP: 256/256 MP: 26/26
 40573 | Depths:2 | Reached skill level 24 in Fighting
 40832 | Depths:2 | Found a one-way gate leading to the halls of Pandemonium.
 41570 | Depths:3 | Paralysed by a floating eye for 4 turns
 41591 | Depths:3 | Paralysed by a floating eye for 3 turns
 41598 | Depths:3 | Paralysed by a floating eye for 4 turns
 41606 | Depths:3 | Paralysed by a floating eye for 2 turns
 41616 | Depths:3 | Paralysed by a floating eye for 3 turns
 41626 | Depths:3 | Paralysed by a floating eye for 2 turns
 41639 | Depths:3 | Paralysed by a floating eye for 3 turns
 41772 | Depths:3 | Gained mutation: You are clumsy. (Dex -2) [a shining eye]
 41857 | Depths:3 | Identified Ubrih's Reference Book on Excruciating
                  | Transmigration
 41900 | Depths:3 | Gained mutation: You are dopey. (Int -2) [a shining eye]
 41902 | Depths:3 | Gained mutation: Your body sometimes deteriorates upon
                  | taking damage. [a shining eye]
 42215 | Depths:3 | Found Mewopray's Gadget Emporium.
 42216 | Depths:3 | Found Wosypnok's Jewellery Shop.
 42216 | Depths:3 | Found Teuhiwuz's Jewellery Shop.
 42513 | Depths:3 | Found Suupex's Food Emporium.
 42592 | Depths:4 | Reached skill level 15 in Evocations
 42743 | Depths:4 | Found a gateway to a ziggurat.
 42761 | Depths:4 | Reached XP level 25. HP: 267/267 MP: 27/27
 42852 | Depths:4 | Noticed Margery
 42873 | Depths:4 | Killed Margery
 42924 | Depths:4 | Found a one-way gate to the infinite horrors of the Abyss.
 43465 | Depths:5 | Entered Level 5 of the Depths
 43638 | Depths:5 | Found Noolun's Book Shoppe.
 43927 | Depths:5 | Found a gate to the Realm of Zot.
 44395 | Elf:3    | Entered Level 3 of the Elven Halls
 44441 | Elf:3    | Found the +10 Black Knight's horse barding {ponderous,
                  | rPois rN+}
 44860 | Elf:3    | Found Wuleclaweth's Weapon Shop.
 45137 | Elf:3    | Identified the cursed +0 leather armour "Uphism" {*Contam
                  | MR+ Int+7 Dex+3}
 45293 | Elf:3    | Identified the amulet "Xogeoz" {Reflect Str+8 Int-5 Dex-5
                  | Slay+5 SH+2}
 45323 | Elf:3    | Identified the +6 scale mail of the Leaf {rN+ SInv}
 45389 | Elf:3    | Identified the Guide on Conjuration
 45401 | Elf:3    | Identified the Compendium of Supportive Talismans
 45854 | Zot:1    | Entered Level 1 of the Realm of Zot
 46029 | Zot:1    | Identified the +6 chain mail of Ajateuxt {rN++ Str-2 Int+4
                  | Stlth+} (You found it on level 1 of the Realm of Zot)
 46239 | Zot:1    | Reached XP level 26. HP: 225/277 MP: 29/29
 46619 | Zot:2    | Reached skill level 5 in Dodging
 46721 | Zot:2    | You are sucked into a shaft and drop 2 floors!
 47041 | Zot:2    | Reached skill level 10 in Dodging
 47965 | Zot:3    | Reached skill level 25 in Fighting
 47983 | Zot:3    | Noticed an ancient lich
 47994 | Zot:3    | Killed an ancient lich
 48077 | Zot:3    | Reached XP level 27. HP: 289/289 MP: 29/29
 49085 | Zot:5    | Entered Level 5 of the Realm of Zot
 49362 | Zot:5    | Noticed an orb of fire
 49370 | Zot:5    | Killed an orb of fire
 49370 | Zot:5    | Reached skill level 26 in Fighting
 49788 | Crypt:1  | Entered Level 1 of the Crypt
 50046 | Crypt:1  | Noticed Sojobo
 50060 | Crypt:1  | Killed Sojobo
 50923 | Crypt:3  | Entered Level 3 of the Crypt
 51675 | Crypt:3  | Found an ancient bone altar of Kikubaaqudgha.
 51675 | Crypt:3  | Noticed an ancient lich
 51689 | Crypt:3  | Killed an ancient lich
 51901 | Crypt:3  | Found the +8 demon blade "Bloodbane" {slice, *Rage +Rage
                  | Stlth-}
 52553 | Depths:3 | Bought a wand of clouds (4) for 528 gold pieces
 52553 | Depths:3 | Bought a wand of clouds (4) for 528 gold pieces
 52555 | Depths:3 | Bought a wand of digging (5) for 396 gold pieces
 52555 | Depths:3 | Bought a wand of iceblast (10) for 308 gold pieces
 52555 | Depths:3 | Bought a sack of spiders for 440 gold pieces
 52636 | Depths:1 | Bought a potion of heal wounds for 175 gold pieces
 52927 | Vaults:4 | Bought a scroll of teleportation for 39 gold pieces
 52927 | Vaults:4 | Bought a potion of haste for 130 gold pieces
 53192 | Orc:2    | Bought a potion of heal wounds for 120 gold pieces
 53223 | Orc:2    | Bought a potion of invisibility for 144 gold pieces
 53223 | Orc:2    | Bought a potion of might for 72 gold pieces
 53223 | Orc:2    | Bought a potion of ambrosia for 144 gold pieces
 53223 | Orc:2    | Bought a potion of resistance for 180 gold pieces
 53223 | Orc:2    | Bought a potion of might for 72 gold pieces
 53223 | Orc:2    | Bought a potion of ambrosia for 144 gold pieces
 53223 | Orc:2    | Bought a potion of invisibility for 144 gold pieces
 53223 | Orc:2    | Bought a potion of curing for 54 gold pieces
 53405 | D:7      | Bought a potion of might for 56 gold pieces
 53405 | D:7      | Bought 2 potions of resistance for 280 gold pieces
 53405 | D:7      | Bought a potion of haste for 140 gold pieces
 53405 | D:7      | Bought a potion of heal wounds for 70 gold pieces
 53405 | D:7      | Bought a potion of mutation for 112 gold pieces
 53405 | D:7      | Bought a potion of curing for 42 gold pieces
 53405 | D:7      | Bought a potion of curing for 42 gold pieces
 53473 | D:5      | Bought a potion of haste for 120 gold pieces
 53995 | Zot:5    | Noticed an orb of fire
 54011 | Zot:5    | Noticed an orb of fire
 54015 | Zot:5    | Noticed an orb of fire
 54017 | Zot:5    | Gained mutation: You tend to lose your temper in combat.
                  | [an orb of fire]
 54018 | Zot:5    | Killed an orb of fire
 54019 | Zot:5    | Gained mutation: You are very dopey. (Int -4) [an orb of
                  | fire]
 54021 | Zot:5    | Gained mutation: Your body often deteriorates upon taking
                  | damage. [an orb of fire]
 54024 | Zot:5    | Noticed an ancient lich
 54027 | Zot:5    | Noticed an orb of fire
 54028 | Zot:5    | Killed an orb of fire
 54028 | Zot:5    | Lost mutation: You are very dopey. (Int -4) [an orb of
                  | fire]
 54030 | Zot:5    | Killed an orb of fire
 54040 | Zot:5    | Killed an ancient lich
 54045 | Zot:5    | Killed an orb of fire
 54047 | Zot:5    | Noticed an ancient lich
 54047 | Zot:5    | Noticed an ancient lich
 54112 | Zot:4    | Slain by a death cob

Levels and vault maps discovered:
D:1:      dpeg_arrival_rhombi, layout_rooms, st_stairs_7
D:2:      layout_loops_ring, overflow_temple_1_default,
          nemelex_xobeh_ov_fountains_minmay
D:3:      layout_rooms, lemuel_crystal_altar, first_ration, serial_glass,
          glass_columns_b, glass_columns_a, lemuel_altar_in_water, uniq_natasha,
          uniq_terence, uniq_sigmund
D:4:      layout_layer_cave, kennysheep_mini_moat
D:5:      minmay_inner_zag, layout_gridville, grunt_gozag_statues,
          minmay_temple_entry_purple_smoke, serial_shops, shop, shop_statue,
          shop, basic_altar, uniq_prince_ribbit1, uniq_ijyb, uniq_menkaure
D:6:      layout_basic, kennysheep_little_box, serial_shops, shop_coins,
          uniq_pikel
D:7:      layout_loops_ring, nicolae_tso_swordbearing_angel,
          lemuel_zombie_altar_yredelemnul, serial_shops, shop,
          uniq_crazy_yiuf_cottage
D:8:      layout_basic, lemuel_mausoleum_altar_kikubaaqudgha,
          due_lair_maze_entry_diamond, serial_glass, glass_columns_c,
          glass_columns_b, feat_on_display, minmay_strange_pillars,
          serial_shops, shop
D:9:      layout_stronghold, lemuel_doored_altar, serial_undead,
          serial_undead_c, serial_undead_c, serial_undead_e, serial_undead_f,
          serial_undead_c, serial_undead_d, grunt_livestock
D:10:     layout_small_grid, serial_glass, glass_columns_b, glass_columns_a,
          minmay_guarded_unrand_vampires_tooth
D:11:     layout_long_grid, serial_rivers, chequers_serial_rivers_small_3,
          chequers_serial_rivers_large_a, chequers_serial_rivers_micro_a,
          chequers_serial_rivers_micro_a, chequers_serial_rivers_micro_c,
          chequers_serial_rivers_room_b
D:12:     layout_basic, orc_0_dummy, nicolae_trove_entry_columns, basic_altar,
          serial_ice, serial_ice_h, serial_ice_a, serial_ice_n, serial_ice_f,
          serial_ice_c, serial_ice_j, portal_ice_cave_rime, enter_bailey_8
D:13:     layout_rooms, ebering_ghost_inner_flame, uniq_sonja, uniq_rupert
D:14:     layout_loops_cross, skrybe_vaults_entry_preservation, serial_shops,
          shop, lemuel_blue_sif_altar, minmay_crystal_room
D:15:     grunt_enter_depths_hoard, layout_stronghold, chequers_decorated_corner
Temple:   hc_temple_tempest_star
Lair:1:   layout_cave_pods, nicolae_quartered_pool_medium, serial_bayou_shore_a
Lair:2:   layout_cave_pods, basic_altar, grunt_megastairs_1
Lair:3:   gammafunk_lair_enchanted_lake, layout_long_grid,
          minmay_snake_entry_guardpost_small, special_room [special_room_bee],
          nicolae_volcano_entry_batcave, infiniplex_staircase_pool
Lair:4:   layout_loops_ring, minmay_shoals_entry_lonely_mermaid,
          gammafunk_ghost_arena
Lair:5:   layout_regular_city, cheibrodos_lair_reptile_den, grunt_megastairs_2
Lair:6:   evilmike_catoblepas_cave, layout_concentric_octagons,
          minmay_slime_entry_oklob_enclosed, minivault_26, uniq_urug
Shoals:1: layout_shoals
Shoals:2: layout_shoals, wheals_shoals_ruined_temple, uniq_polyphemus
Shoals:3: layout_shoals, uniq_ilsuiw
Shoals:4: shoals_end_grunt_ice, layout_shoals,
          nicolae_shoals_siren_and_animal_friends
Snake:1:  layout_onion, dpeg_stationary_puzzle
Snake:2:  layout_misc_corridors
Snake:3:  layout_basic, uniq_roxanne, uniq_mara
Snake:4:  grunt_snake_rune_pools, layout_cave_town,
          hangedman_snake_corridor_split, uniq_bai_suzhen
Orc:1:    layout_caves, kennysheep_orc_chapel, uniq_jorgrun
Orc:2:    st_orc_town, layout_caves
Elf:1:    layout_geoelf_octagon, minmay_elf_demonology,
          einodemon_barbed_minivault, uniq_frances
Elf:2:    layout_loops_corners, basic_altar, infiniplex_enter_wizlab_glasses
Elf:3:    elf_hall, layout_loops_cross, serial_shops, shop_fountains, kb_rosetta
Vaults:1: v_pattern_5, vaults_standard_mumra_enter_the_diamond,
          nicolae_vaults_little_squares_5, hangedman_vaults_corner_blocks,
          grunt_vaults_twisty, hangedman_vaults_stretched_pinwheel,
          ontoclasm_vaults_hangar, vaults_room_guarded_vault,
          nicolae_vaults_ninety_degrees, hangedman_vaults_trim, v_misc_12,
          nicolae_vaults_shelves_hall, nicolae_vaults_theta, layout_vaults_maze,
          serial_shops, shop_fountains, uniq_aizul
Vaults:2: nicolae_vaults_c_with_doors, nicolae_vaults_big_ls, v_rooms_5,
          v_alt_pattern_2, minmay_crypt_entry_vampire_xt,
          ontoclasm_vaults_bender, v_alt_pattern_5, grunt_vaults_focal,
          vaults_mumra_hex, grunt_vaults_funnel, nicolae_vaults_theta,
          layout_vaults_omnicross, basic_altar
Vaults:3: nicolae_vaults_fighting_squares, nicolae_vaults_little_squares_6,
          hangedman_vaults_snaps, hangedman_vaults_cutoff,
          nicolae_vaults_stairing_the_circle, vaults_room_door_hall,
          nicolae_vaults_twisting_passages, ontoclasm_vaults_idyll,
          nicolae_vaults_inception_scallops, vaults_mumra_minichess_inversion,
          ontoclasm_vaults_tryst, nicolae_vaults_specimen_jars,
          ontoclasm_vaults_loading_screen, vaults_dpeg_diagonal,
          layout_vaults_omnibox
Vaults:4: ontoclasm_vaults_pinch, nicolae_vaults_mini_display_case,
          nicolae_vaults_circle_grid_a, vaults_dpeg_hooks,
          dpeg_vaults_monster_box, vaults_dpeg_encased_lava,
          nicolae_vaults_sealed_display, v_alt_pattern_4,
          ontoclasm_vaults_ring_small, vaults_room_pool,
          ontoclasm_vaults_loading_screen, layout_vaults_quadrants,
          serial_shops, shop, uniq_donald
Vaults:5
Crypt:1:  layout_gridlike, uniq_sojobo
Crypt:2:  layout_rooms, corner_web_ring, hex_large
Crypt:3:  cryptofortress_bobbens
Depths:1: layout_honeycomb, serial_shops, shop, hell_entry, minivault_11,
          minivault_14, kennysheep_cross_bottleneck, kennysheep_small_circle
Depths:2: minmay_the_grid_triangle_9x9_rhombus_thin_mashed
          [minmay_the_grid_triangle_9x9_swiss_cheese,
          minmay_the_grid_triangle_9x9_prize_center,
          minmay_the_grid_triangle_9x9_negative_grid,
          minmay_the_grid_triangle_9x9_corrupted_corridor], layout_cross,
          pan_entry, grunt_hell_horde, minmay_fountain_box
Depths:3: minmay_heptahexagon, layout_basic, hell_entry,
          chequers_serial_rivers_micro_e, grunt_pan_entry_spiral, serial_shops,
          shop_fountains, evilmike_ambush [evilmike_ambush_outer_corners,
          evilmike_ambush_inner_pond], minmay_shop_grove,
          infiniplex_staircase_spiral
Depths:4: cheibrodos_quadrivalence, layout_twisted_cross, enter_ziggurat_f,
          hell_entry, abyss_entry, roderic_nine_men_s_morris,
          serial_bayou_lagoon_a, hex_tiny, kennysheep_four_rooms, uniq_margery
Depths:5: evilmike_zot_entry_gauntlet, layout_basic, nicolae_twisting_strands,
          serial_shops, nicolae_shop_statue_plus, hell_entry,
          abyss_entry_small_statue_room, interstate_on_off,
          minmay_misc_feat_alley, hangedman_decor_lopped
Zot:1:    layout_misc_corridors, hangedman_elemental_corridor
Zot:2:    layout_twisted_circle
Zot:3:    layout_gridlike, lemuel_lich_library
Zot:4:    layout_cathedral_of_symmetry
Zot:5:    layout_basic

Skill      XL: |  1  2  3  4  5  6  7  8  9 10 11 12 13 14 15 16 17 18 19 20 21 22 23 24 25 26 27 |
---------------+----------------------------------------------------------------------------------+-----
Fighting       | 2 4 5 7 9 11 13 15 17 18 20 22 23 24 25 26 | 26.0
Armour         | 1 2 3 4 5 8 10 11 12 14 15 17 18 20 24 | 24.6
Axes           | 4 5 7 9 12 14 16 19 20 | 20.0
Long Blades    | 1 |  1.8
Shields        | 1 3 4 5 13 15 17 19 20 22 24 25 | 25.0
Evocations     | 2 3 7 10 14 15 18 | 18.0
Dodging        | 10 | 10.1
Throwing       | |  1.7

Action                   |  1- 3 |  4- 6 |  7- 9 | 10-12 | 13-15 | 16-18 | 19-21 | 22-24 | 25-27 || total
-------------------------+-------+-------+-------+-------+-------+-------+-------+-------+-------++-------
Melee: War axe           |    74 |       |     4 |    40 |  1022 |  1373 |  1502 |  1315 |  1552 ||  6882
       Long sword        |     6 |    42 |       |       |       |       |       |       |       ||    48
       Hand axe          |       |    88 |   592 |  1480 |   132 |       |       |       |       ||  2292
       Broad axe         |       |       |       |       |       |       |       |       |    63 ||    63
 Fire: Hunting sling     |       |     2 |       |       |       |       |       |       |       ||     2
Throw: Throwing net      |     2 |       |       |       |       |       |       |       |       ||     2
 Abil: Heal Wounds       |     1 |     1 |       |    14 |       |     9 |       |       |     7 ||    32
Evoke: Wand              |       |       |     4 |    20 |     6 |     5 |       |       |     1 ||    36
       Fan of gales      |       |       |       |       |       |     1 |       |       |       ||     1
       Lightning rod     |       |       |       |       |       |       |       |     1 |       ||     1
  Use: Scroll            |     3 |     4 |     5 |    21 |     8 |    11 |     4 |    16 |    17 ||    89
       Potion            |       |       |       |     3 |       |    10 |       |     1 |       ||    14
 Stab: Paralysed         |       |       |     6 |    10 |       |       |       |       |       ||    16
       Petrified         |       |       |       |       |    12 |       |       |       |       ||    12
       Petrifying        |       |       |       |       |     1 |       |       |       |       ||     1
       Distracted        |       |       |       |       |       |       |     1 |     4 |       ||     5
  Eat: Chunk             |       |     2 |     9 |    23 |    25 |    29 |    22 |    26 |    23 ||   159
       Ration            |       |     2 |     3 |     6 |       |       |       |       |     4 ||    15
Armor: Leather armour    |    19 |    17 |       |       |       |       |       |       |       ||    36
       Scale mail        |       |    44 |   301 |   100 |       |       |       |       |       ||   445
       Plate armour      |       |       |       |   329 |       |       |       |       |       ||   329
       Chain mail        |       |       |       |   466 |   525 |   469 |   300 |   395 |   446 ||  2601
Dodge: Dodged            |    62 |    83 |   270 |   691 |   340 |   309 |   190 |   229 |   279 ||  2453
Block: Buckler           |     3 |    26 |   189 |   480 |   198 |       |       |       |       ||   896
       Large shield      |       |       |       |       |   451 |  1806 |  1333 |  1462 |  1647 ||  6699
       Reflection        |       |       |       |       |       |       |       |    82 |    41 ||   123
       Other             |       |       |       |       |       |       |       |       |     3 ||     3
       Rpst.: Long sword |     2 |     5 |       |       |       |       |       |       |       ||     7

Table legend:
 A = Non-vault XP
 B = Vault XP
 C = Vault XP percentage of total XP
 D = Non-vault monster count
 E = Vault monster count
 F = Vault count percentage of total count
                 A         B        C        D         E       F
            +---------+---------+-------+---------+---------+-------
      Total |  924598 |  850902 |  47.9 |    1673 |    1025 |  38.0
            +---------+---------+-------+---------+---------+-------
        D:1 |      28 |       2 |   6.7 |      18 |       1 |   5.3
        D:2 |      79 |       0 |   0.0 |      20 |       0 |   0.0
        D:3 |     178 |     285 |  61.6 |      28 |       3 |   9.7
        D:4 |     499 |       0 |   0.0 |      23 |       0 |   0.0
        D:5 |     400 |     415 |  50.9 |      11 |       5 |  31.2
        D:6 |     352 |     663 |  65.3 |      10 |       1 |   9.1
        D:7 |    1236 |      43 |   3.4 |      29 |       3 |   9.4
        D:8 |    1893 |    2187 |  53.6 |      25 |      21 |  45.7
        D:9 |    1137 |    1558 |  57.8 |      22 |      16 |  42.1
       D:10 |    2342 |    1608 |  40.7 |      32 |       8 |  20.0
       D:11 |    5538 |       0 |   0.0 |      46 |       0 |   0.0
       D:12 |    8261 |    1365 |  14.2 |      50 |      14 |  21.9
       D:13 |    4104 |    5713 |  58.2 |      21 |       4 |  16.0
       D:14 |   12157 |    3875 |  24.2 |      46 |       8 |  14.8
       D:15 |    9122 |    1983 |  17.9 |      26 |       2 |   7.1
     Lair:1 |    4237 |       0 |   0.0 |      17 |       0 |   0.0
     Lair:2 |    3227 |      88 |   2.7 |      16 |       1 |   5.9
     Lair:3 |    2981 |    6349 |  68.0 |      11 |      34 |  75.6
     Lair:4 |    4059 |     458 |  10.1 |      23 |       1 |   4.2
     Lair:5 |    8947 |    1761 |  16.4 |      33 |       5 |  13.2
     Lair:6 |   14048 |   12336 |  46.8 |      46 |      24 |  34.3
   Shoals:1 |    8426 |       0 |   0.0 |      19 |       0 |   0.0
   Shoals:2 |   10188 |   11295 |  52.6 |      14 |      10 |  41.7
   Shoals:3 |   10617 |    4283 |  28.7 |      22 |       5 |  18.5
   Shoals:4 |   17837 |   23743 |  57.1 |      36 |      38 |  51.4
    Snake:1 |   18648 |     715 |   3.7 |      36 |       1 |   2.7
    Snake:2 |   16002 |       0 |   0.0 |      27 |       0 |   0.0
    Snake:3 |   25324 |    9787 |  27.9 |      52 |       2 |   3.7
    Snake:4 |   32773 |   49653 |  60.2 |      55 |      73 |  57.0
      Orc:1 |    4032 |    4347 |  51.9 |      47 |       9 |  16.1
      Orc:2 |    5057 |    6174 |  55.0 |      45 |      56 |  55.4
      Elf:1 |   15582 |    9615 |  38.2 |      31 |      19 |  38.0
      Elf:2 |   22383 |   24861 |  52.6 |      38 |      30 |  44.1
      Elf:3 |   19765 |   34014 |  63.2 |      31 |      32 |  50.8
   Vaults:1 |   33073 |   27884 |  45.7 |      50 |      41 |  45.1
   Vaults:2 |   15136 |   58539 |  79.5 |      23 |      73 |  76.0
   Vaults:3 |   32024 |   44203 |  58.0 |      46 |      51 |  52.6
   Vaults:4 |   54766 |   42447 |  43.7 |      67 |      40 |  37.4
   Vaults:5 |   47013 |  107145 |  69.5 |      69 |      71 |  50.7
    Crypt:1 |   33673 |   10393 |  23.6 |      54 |       3 |   5.3
    Crypt:2 |   28086 |       0 |   0.0 |      37 |       0 |   0.0
    Crypt:3 |       0 |   64285 | 100.0 |       0 |      90 | 100.0
   Depths:1 |   39494 |     371 |   0.9 |      51 |       1 |   1.9
   Depths:2 |   42398 |   17712 |  29.5 |      57 |      18 |  24.0
   Depths:3 |   10605 |   73304 |  87.4 |      12 |      67 |  84.8
   Depths:4 |   40496 |   16799 |  29.3 |      42 |      11 |  20.8
   Depths:5 |   21455 |   22480 |  51.2 |      21 |      20 |  48.8
      Zot:1 |   22191 |    6943 |  23.8 |      13 |       6 |  31.6
      Zot:2 |   97084 |       0 |   0.0 |      60 |       0 |   0.0
      Zot:3 |   49789 |   26954 |  35.1 |      29 |      15 |  34.1
      Zot:4 |   42705 |       0 |   0.0 |      26 |       0 |   0.0
      Zot:5 |   23151 |   80422 |  77.6 |      10 |      18 |  64.3
      IceCv |       0 |   12514 | 100.0 |       0 |      47 | 100.0
     WizLab |       0 |   19331 | 100.0 |       0 |      27 | 100.0
            +---------+---------+-------+---------+---------+-------
